 Dungeon Crawl Stone Soup version 0.30.1-4-g462c640d31 (webtiles) character file.

Game seed: 15620845243824699608

214 arglypuff the Slasher (level 6, -1/47 HPs)
             Began as a Human Cinder Acolyte on Sept 10, 2023.
             Was a High Priest of Ignis.
             Slain by a wraith (10 damage)
             ... in an ossuary.
             The game lasted 00:09:55 (2561 turns).

arglypuff the Slasher (Human Cinder Acolyte)        Turns: 2561, Time: 00:09:57

Health: -1/47      AC:  5    Str: 17    XL:     6   Next: 15%
Magic:  0/8        EV: 16    Int: 16    God:    Ignis [*****.]
Gold:   180        SH:  0    Dex:  7    Spells: 6/8 levels left

rFire   + . .        a - +0 falchion (flame)
rCold   . . .        (no shield)
rNeg    . . .        q - +1 robe of Negligence {Str+3 Dex-2 Slay+5 SInv}
rPois   .            (no helmet)
rElec   .            j - +0 cloak
rCorr   .            (no gloves)
SInv    +            m - +0 pair of boots
Will    +....        (no amulet)
Stlth   +            v - +5 ring of evasion
HPRegen 0.27/turn    r - ring of willpower
MPRegen 0.11/turn

%: no passive effects
@: slowed, very slow
A: no striking features
a: Renounce Religion, Fiery Armour, Foxfire Swarm, Rising Flame


You were in an ossuary.
You worshipped Ignis.
Ignis was extremely pleased with you.
You visited 1 branch of the dungeon, and saw 6 of its levels.
You also visited: Ossuary.

You collected 180 gold pieces.

Inventory:

Hand Weapons
 a - a +0 falchion of flaming (weapon)
Missiles
 k - a throwing net (quivered)
Armour
 b - a +0 robe
 e - an orb of light
 j - a +0 cloak (worn)
 m - a +0 pair of boots (worn)
 q - the +1 robe of Negligence (worn) {Str+3 Dex-2 Slay+5 SInv}
   (You found it on level 5 of the Dungeon)

   Str:       It affects your strength (+3).
   Dex:       It affects your dexterity (-2).
   Slay:      It affects your accuracy & damage with ranged weapons and melee
   (+5).
   SInv:      It lets you see invisible.
Jewellery
 g - a ring of protection from fire
 r - a ring of willpower (right hand)
 v - a +5 ring of evasion (left hand)
 y - a ring of wizardry
Scrolls
 c - a scroll of identify
 i - a scroll of teleportation
 l - a scroll of fear
 t - a scroll of immolation {unknown}
 w - a scroll of enchant armour {unknown}
 A - a scroll of fog {unknown}
Potions
 d - a potion of resistance
 f - 2 potions of attraction {unknown}
 h - 4 potions of curing
 n - a potion of magic {unknown}
 o - a potion of berserk rage {unknown}
 p - a potion of cancellation {unknown}
 s - a potion of lignification {unknown}
 u - a potion of degeneration {unknown}
 x - a potion of heal wounds {unknown}
 z - 2 potions of might {unknown}


   Skills:
 + Level 3.6 Fighting
 + Level 4.6 Long Blades
 + Level 1.9 Dodging
 + Level 1.3 Stealth
 + Level 1.6 Spellcasting
 + Level 3.6 Fire Magic


You had 6 spell levels left.
You knew the following spells:

 Your Spells              Type           Power      Damage    Failure   Level
a - Scorch                Fire           24%        2d6       8%          2

Your spell library contained the following spells:

 Spells                   Type           Power      Damage    Failure   Level
 Freeze                   Ice            4%         1d3       22%         1
 Inner Flame              Hex/Fire       7%         N/A       30%         3
 Cigotuvi's Dreadful Rot  Necr/Pois/Air  2%         N/A       32%         2
 Poisonous Vapours        Pois/Air       2%         N/A       32%         2
 Ignite Poison            Fire/Tmut/Pois 5%         N/A       36%         3
 Frozen Ramparts          Ice            2%         1d1       54%         3
 Hailstorm                Conj/Ice       1%         3d3       54%         3
 Mephitic Cloud           Conj/Pois/Air  1%         N/A       54%         3
 Tukima's Dance           Hex            1%         N/A       54%         3
 Flame Wave               Conj/Fire      7%         2d5       71%         4
 Sticky Flame             Conj/Fire      7%         2d3       71%         4
 Passage of Golubria      Tloc           1%         N/A       91%         4
 Freezing Cloud           Conj/Ice/Air   0%         6-21      99%         5
 Yara's Violent Unravell  Hex/Tmut       0%         3d3       99%         5


Dungeon Overview and Level Annotations

Branches:
Dungeon (6/15)            Ossuary (1/1)
 Temple: D:4-7

Altars:
Makhleb
Uskayaw
Yredelemnul

Shops:
D:5 *


Message History

The wraith is lightly damaged.
The wraith hits you. The wraith drains your vigour!
You feel as though you will be slow longer.
You hit the wraith. You burn the wraith.
The wraith is moderately damaged.
The wraith hits you! The wraith closely misses you.
You hit the wraith. You burn the wraith.
The wraith is heavily damaged.
The wraith closely misses you. The wraith hits you.
You barely miss the wraith.
The wraith is heavily damaged.
The wraith barely misses you.
You hit the wraith. You burn the wraith.
The wraith is severely damaged.
The wraith hits you! The wraith drains your vigour!
You feel as though you will be slow longer.
The wraith barely misses you.
You are too injured to fight recklessly!
Casting: Scorch (safe; 8% risk of failure)
Confirm with . or Enter, or press ? or * to list all spells.
Flames lash the wraith but do no damage.
The wraith misses you.
Casting: Scorch (safe; 8% risk of failure)
Confirm with . or Enter, or press ? or * to list all spells.
Flames lash the wraith.
The wraith is severely damaged.
The wraith's fire resistance burns away.
The wraith barely misses you. x2
Casting: Scorch (safe; 8% risk of failure)
Confirm with . or Enter, or press ? or * to list all spells.
Flames lash the wraith.
The wraith is burned terribly!
The wraith is almost destroyed.
The wraith misses you.
Casting: Scorch (safe; 8% risk of failure)
Confirm with . or Enter, or press ? or * to list all spells.
Flames lash the wraith but do no damage.
The wraith hits you!
* * * LOW HITPOINT WARNING * * *
The wraith hits you!
You die...

#..#.#..#.#..#.#..#.#..#?#
#..#'#..#'#..#'#..#'#..#'# .#
#..#.#..#.#..#.#..#.#..#.#..#
#...........................#
#...........................#
#..####......###......####..#
#..#.'...8...#?#...8...'.#..#
#..####......#W#......####..#
#............#@#............#
#...........................#
#..####.####.....####.####..#
#..#.'..#.'...8...+ #..'.#..#
#..####.####.....####.####..#
#...........................#
#............#.#............#
#..####......#+#......####..#
#..# +...8...# #...8...'.#..#


You could see a wraith (combustible).

Vanquished Creatures
  A phantom (D:5)
  2 mummies (Ossuary)
  6 adders
  A white imp (D:5)
  A worm (D:2)
  2 dart slugs (D:5)
  An orc (D:6)
  2 endoplasms (D:1)
  5 goblins
  A hobgoblin (D:2)
  10 kobolds
  2 quokkas (D:2)
  4 ball pythons
  6 bats
  3 frilled lizards (D:1)
  2 goblin zombies (Ossuary)
  3 hobgoblin zombies (Ossuary)
  3 kobold zombies (Ossuary)
  2 orc zombies (Ossuary)
  2 rats
59 creatures vanquished.

Notes
Turn   | Place    | Note
-------+----------+-------------------------------------------
     0 | D:1      | arglypuff the Human Cinder Acolyte began the quest for the
                  | Orb.
     0 | D:1      | Reached XP level 1. HP: 18/18 MP: 2/2
   352 | D:1      | Reached XP level 2. HP: 21/24 MP: 3/3
   355 | D:1      | Learned a level 2 spell: Scorch
  1050 | D:1      | Reached XP level 3. HP: 5/29 MP: 2/4
  1255 | D:2      | Reached skill level 1 in Dodging
  1265 | D:2      | Reached XP level 4. HP: 16/35 MP: 5/5
  1691 | D:3      | Identified the +0 ring mail of Deigoy {rPois rC+}
  1724 | D:3      | You fall into a shaft and drop 3 floors!
  1825 | D:6      | Noticed a scorpion
  1840 | D:5      | Entered Level 5 of the Dungeon
  1852 | D:5      | Identified the +1 robe of Negligence {Str+3 Dex-2 Slay+5
                  | SInv}
  1893 | D:5      | Found Lulocza's Neck Hole.
  1896 | D:5      | Found a basalt altar of Yredelemnul.
  1896 | D:5      | Found a hide-covered altar of Uskayaw.
  1897 | D:5      | Noticed a phantom
  1919 | D:5      | Killed a phantom
  1920 | D:5      | Reached skill level 4 in Long Blades
  1920 | D:5      | Reached skill level 1 in Stealth
  1920 | D:5      | Reached XP level 5. HP: 26/41 MP: 1/7
  1972 | D:5      | Noticed a black bear
  2111 | D:6      | Found a burning altar of Makhleb.
  2263 | D:4      | Found a sand-covered staircase.
  2268 | Ossuary  | Entered an ossuary
  2268 | Ossuary  | Noticed a wraith
  2268 | Ossuary  | Noticed a wraith
  2268 | Ossuary  | Noticed a wraith
  2371 | Ossuary  | Reached XP level 6. HP: 32/47 MP: 8/8
  2545 | Ossuary  | Noticed a wraith
  2561 | Ossuary  | Slain by a wraith

Illustrated notes

Levels and vault maps discovered:
D:1:      dpeg_arrival_ternary, layout_loops_corners
D:2:      layout_rooms, kennysheep_pointless_box
D:3:      layout_basic, ebering_ecumenical_altar_hall, gammafunk_ghost_arena,
          roderic_serpentine_path, grunt_ministairs_10
D:4:      layout_basic, minmay_temple_entry_stoned_glass, enter_ossuary_5,
          dreamdust_wishing_well, uniq_sigmund
D:5:      layout_cave_pools, chequers_temple_overflow_statue_of_worship,
          nicolae_shop_sticking_my_neck_out
D:6:      dreamdust_elfheim, layout_gridville,
          mainiacjoe_overflow_surrounded_room, serial_shops,
          nicolae_shop_window_shopping
Ossuary:  ossuary_kennysheep_city_of_the_dead

Skill      XL: |  1  2  3  4 |
---------------+-------------+-----
Dodging        | 1 |  1.9
Long Blades    | 4 |  4.6
Stealth        | 1 |  1.3
Fighting       | |  3.6
Spellcasting   | |  1.6
Fire Magic     | |  3.6

Action                     |  1- 3 |  4- 6 || total
---------------------------+-------+-------++-------
  Melee: Falchion          |    77 |   106 ||   183
         Punch             |       |     1 ||     1
   Cast: Scorch            |     8 |     7 ||    15
    Use: Potion            |     1 |       ||     1
         Scroll            |       |     6 ||     6
   Stab: Sleeping          |       |     1 ||     1
 Armour: Robe              |    28 |    31 ||    59
  Dodge: Dodged            |    48 |    65 ||   113
